 Dungeon Crawl Stone Soup version 0.15-a0-2075-ga361405 (webtiles) character file.

58 N00bl0rd the Grave Robber (level 3, -3/19 HPs)
             Began as a Deep Elf Necromancer on July 14, 2014.
             Killed from afar by Grinder (5 damage)
             ... with a wand of magic darts
             ... on Level 2 of the Dungeon.
             The game lasted 00:08:41 (1984 turns).

N00bl0rd the Grave Robber (Deep Elf Necromancer)    Turns: 1984, Time: 00:08:41

HP  -3/19        AC  3     Str  5      XL: 3   Next: 75%
MP  10/12        EV 15     Int 20      God:
Gold 72          SH  0     Dex 15      Spells:  4 memorised,  2 levels left

rFire  . . .     SeeInvis .     (no weapon)
rCold  . . .     Clarity  .     a - +0 robe
rNeg   . . .     rCorr    .     (no shield)
rPois  .         rRot     .     s - +0 helmet
rElec  .         Spirit   .     (no cloak)
SustAb .         Warding  .     (no gloves)
rMut   .         Stasis   .     (no boots)
Gourm  .                        (no amulet)
MR     .....                    (no ring)
                                r - +2 ring of evasion

@: regenerating (expiring), not resistant to hostile enchantments, unstealthy
A: no striking features
a: no special abilities


You were on level 2 of the Dungeon.
You were not hungry.

You visited 1 branch of the dungeon, and saw 3 of its levels.

You collected 72 gold pieces.

Inventory:

Armour
 a - a +0 robe (worn)
 s - a +0 helmet (worn)
Comestibles
 c - a bread ration
 h - 2 beef jerkies
 k - a meat ration
 t - 3 rotting chunks of goblin flesh
Scrolls
 f - a scroll of remove curse {unknown}
 g - a scroll of magic mapping {unknown}
 i - a scroll of amnesia {unknown}
 n - 2 scrolls of identify {unknown}
 q - a scroll of immolation {unknown}
Jewellery
 r - a +2 ring of evasion (left hand)
Potions
 d - a potion of resistance {unknown}
 e - a potion of beneficial mutation {unknown}
 j - a potion of agility
 l - a potion of cure mutation {unknown}
 o - a potion of curing {unknown}
Books
 b - a book of Necromancy

   Spells                             Type                      Level
   *Pain                              Necromancy                   1
   *Animate Skeleton                  Necromancy                   1
   *Vampiric Draining                 Necromancy                   3
   *Regeneration                      Charms/Necromancy            3
   Animate Dead                       Necromancy                   4
   Control Undead                     Necromancy                   4


   Skills:
 - Level 2.4 Dodging
 - Level 2.4 Stealth
 + Level 4.4 Spellcasting
 + Level 5.8 Necromancy


You had 2 spell levels left.
You knew the following spells:

 Your Spells              Type           Power        Failure   Level  Hunger
a - Pain                  Necr           ####         1%          1    None
b - Animate Skeleton      Necr           N/A          1%          1    None
c - Vampiric Draining     Necr           ####......   4%          3    ###....
d - Regeneration          Chrm/Necr      ###.......   12%         3    ###....


Dungeon Overview and Level Annotations

Branches:
Dungeon (3/15)

Altars:
Ashenzari
Fedhas

Annotations:
D:2 Grinder
D:3 ketsa's ghost, average HOBe


Message History

Your adder skeleton barely misses Grinder.
Your adder skeleton misses Grinder.
Your goblin skeleton closely misses Grinder.
Your skin is crawling a little less now.
Your adder skeleton bites Grinder.
Your giant newt skeleton misses Grinder.
Your adder skeleton completely misses Grinder.
Grinder is no longer unusually agile.
Grinder zaps a wand.
The magic dart hits you!
* * * LOW HITPOINT WARNING * * *
Your goblin skeleton hits Grinder with a club.
Your giant newt skeleton closely misses Grinder.
Your adder skeleton barely misses Grinder.
Grinder says, "Just stop there for a second..."
Grinder zaps a wand.
The magic dart hits you!
* * * LOW HITPOINT WARNING * * *
Your goblin skeleton hits Grinder with a club.
Your adder skeleton bites Grinder.
Grinder zaps a wand.
The magic dart hits you!
You die...

#.# #.......#
#.## #..._...#
#..# #.......#
##Z####.Z...##
#..# ##Z..##
########'#####.##
#..............#
#.............##
#...........@.#
#########'###.#
#.Z##.# ##.##.#
#ZZ#.# ##.#.#
#.Z.# ##Z5# #ZZ#


You could see Grinder and a friendly bat skeleton.

Vanquished Creatures
  2 adders (D:2)
  A giant mite (D:2)
  3 giant geckos (D:2)
  5 bats
  2 goblins (D:2)
  5 hobgoblins
  3 jackals (D:2)
  A giant cockroach (D:1)
  2 giant newts (D:2)
  3 kobolds
  2 quokkas (D:2)
  A rat (D:1)
30 creatures vanquished.

Vanquished Creatures (collateral kills)
  A goblin (D:2)
  A jackal (D:1)
  A rat (D:2)
3 creatures vanquished.

Vanquished Creatures (others)
  2 bat skeletons (D:2)
  2 goblin skeletons (D:2)
  2 hobgoblin skeletons (D:2)
  2 jackal skeletons (D:2)
  A kobold skeleton (D:1)
9 creatures vanquished.

Grand Total: 42 creatures vanquished

Notes
Turn   | Place    | Note
--------------------------------------------------------------
     0 | D:1      | N00bl0rd, the Deep Elf Necromancer, began the quest for the Orb.
     0 | D:1      | Reached XP level 1. HP: 10/10 MP: 5/5
    26 | D:1      | Learned a level 1 spell: Animate Skeleton
    81 | D:1      | Reached skill level 5 in Necromancy
   345 | D:1      | Reached XP level 2. HP: 9/15 MP: 1/8
  1094 | D:2      | Reached XP level 3. HP: 8/19 MP: 8/11
  1101 | D:2      | Learned a level 3 spell: Vampiric Draining
  1105 | D:2      | Learned a level 3 spell: Regeneration
  1106 | D:2      | Found a blossoming altar of Fedhas.
  1293 | D:2      | Found a shattered altar of Ashenzari.
  1666 | D:3      | Noticed ketsa's ghost (average HOBe)
  1845 | D:3      | Noticed Grinder
  1984 | D:2      | Killed from afar by Grinder

Action                   || total
-------------------------++-------
Melee: Unarmed           ||     1
 Cast: Pain              ||    54
       Animate Skeleton  ||    18
       Vampiric Draining ||     1
       Regeneration      ||     1
  Eat: Chunk             ||     3
